 Dungeon Crawl Stone Soup version 0.20-a0-513-g02c11fc (webtiles) character file.

149 polly the Shield-Bearer (level 5, 0/33 HPs)
             Began as a Gargoyle Fighter on Jan 23, 2017.
             Slain by a crimson imp (1 damage)
             ... summoned by Natasha
             ... on level 2 of the Dungeon.
             The game lasted 00:03:20 (1494 turns).

polly the Shield-Bearer (Gargoyle Fighter)          Turns: 1494, Time: 00:03:21

Health: 0/33       AC: 15    Str: 26    XL:     5   Next: 31%
Magic:  5/5        EV:  6    Int:  8    God:
Gold:   140        SH: 10    Dex:  9    Spells: 4/4 levels left

rFire    . . .     SeeInvis +   a - +0 flail
rCold    . . .     Gourm    .   m - +0 chain mail
rNeg     + . .     Faith    .   c - +0 shield
rPois    ∞         Spirit   .   (helmet restricted)
rElec    +         Reflect  .   (no cloak)
rCorr    .         Harm     .   (no gloves)
MR       .....                  (no boots)
Stlth    ..........             (no amulet)
Regen    0.2/turn               b - ring of see invisible
                                e - ring of stealth

@: mighty
A: big wings, horns 1, yellow scales 1, negative energy resistance 1,
electricity resistance, unbreathing, petrification resistance, rot immunity, AC
+4
a: Fly


You were on level 2 of the Dungeon.
You were hungry.

You visited 1 branch of the dungeon, and saw 2 of its levels.

You collected 140 gold pieces.

Inventory:

Hand Weapons
 a - a +0 flail (weapon)
Armour
 c - a +0 shield (worn)
 m - a +0 chain mail (worn)
 n - a +1 helmet
Jewellery
 b - a ring of see invisible (right hand)
 e - a ring of stealth (left hand)
Scrolls
 g - a scroll of fog {unknown}
 i - a scroll of noise {unknown}
 k - 5 scrolls of identify {unknown}
 l - 2 scrolls of enchant armour {unknown}
 q - a scroll of remove curse {unknown}
Potions
 o - a potion of haste {unknown}
 p - a potion of cancellation {unknown}
 r - a potion of magic {unknown}
 t - a potion of cure mutation {unknown}
Comestibles
 f - 3 bread rations
 s - a meat ration


   Skills:
 + Level 3.7 Fighting
 + Level 3.4 Maces & Flails
 + Level 4.2 Armour
 + Level 4.5 Shields


You had 4 spell levels left.
You didn't know any spells.

Dungeon Overview and Level Annotations

Branches:
Dungeon (2/15)

Altars:
Zin

Annotations:
D:2 Natasha


Innate Abilities, Weirdness & Mutations

You are resistant to torment.
Your stone body is resilient. (AC +4)
You are immune to poison.
You resist negative energy. (rN+)
You are resistant to electric shocks. (rElec)
You can survive without breathing.
You are immune to petrification.
You are immune to rotting.
Your large and strong wings let you fly indefinitely.
You have a pair of small horns on your head.
You are partially covered in yellow scales. (AC +2)


Message History

You block the crimson imp's attack. The white imp gestures at you.
The puff of frost hits you!
* * * LOW HITPOINT WARNING * * *
You feel very mighty all of a sudden.
Natasha zaps a wand.
The puff of flame misses you. The crimson imp hits you.
* * * LOW HITPOINT WARNING * * *
The white imp barely misses you.
It was a potion of beneficial mutation.
Yellow scales grow over part of your body.
You feel fantastic! Natasha claws you but does no damage.
You block the crimson imp's attack. You block the white imp's attack.
Natasha casts a spell at you. The magic dart hits you!
* * * LOW HITPOINT WARNING * * *
The white imp barely misses you.
It was a potion of mutation.
You feel extremely strange.
Your wings grow larger and stronger.
A pair of horns grows on your head!
Your +1 helmet falls away!
The crimson imp hits you.
You die...

.................................
...##.#(..######.##.#####..#.###.
##.##.#...# #........#.##.# #.
#.##.#...# ###..###...##.# ##
#.##.#...# ##.###.......#
...#.#...#######....).###..##
....................).........
####.######.........##.........
.... ......h5@..### ###.##.#. ###
####...5...# .# ... #.......# ##
#.......# .........# ###........
#.......## #########


You could see Natasha, a crimson imp and a white imp.

Vanquished Creatures
  Natasha (twice) (D:2)
  4 adders (D:2)
  An ooze (D:1)
  2 worms (D:2)
  A dart slug (D:1)
  2 leopard geckos (D:1)
  7 giant cockroaches
  7 goblins
  2 hobgoblins
  2 jackals (D:1)
  6 kobolds
  2 quokkas (D:2)
  6 bats
  A frilled lizard (D:2)
  5 rats
50 creatures vanquished.

Notes
Turn   | Place    | Note
-------+----------+-------------------------------------------
     0 | D:1      | polly the Gargoyle Fighter began the quest for the Orb.
     0 | D:1      | Reached XP level 1. HP: 14/14 MP: 1/1
   114 | D:1      | Reached XP level 2. HP: 17/19 MP: 2/2
   308 | D:1      | Reached XP level 3. HP: 16/23 MP: 3/3
   952 | D:2      | Reached XP level 4. HP: 27/28 MP: 4/4
  1197 | D:2      | Noticed Natasha
  1219 | D:2      | Killed Natasha
  1219 | D:2      | Reached XP level 5. HP: 12/32 MP: 5/5
  1382 | D:2      | Found a glowing silver altar of Zin.
  1407 | D:2      | Noticed Natasha
  1422 | D:2      | Killed Natasha
  1482 | D:2      | Noticed Natasha
  1492 | D:2      | Gained mutation: You are partially covered in yellow scales. (AC +2) [potion of beneficial mutation]
  1493 | D:2      | HP: 1/33 [Natasha/magic dart (2)]
  1494 | D:2      | Gained mutation: Your large and strong wings let you fly indefinitely. [potion of mutation]
  1494 | D:2      | Gained mutation: You have a pair of small horns on your head. [potion of mutation]
  1494 | D:2      | Slain by a crimson imp

Vault maps used:
D:1:      minmay_arrival_doors
D:2:      nicolae_overflow_hidden_temple, st_stairs_6, corexii_leaking_fountain,
          uniq_natasha

Skill      XL: |  1  2  3  4 |
---------------+-------------+-----
Shields        | 4 |  4.5
Armour         | 4 |  4.2
Maces & Flails | 3 |  3.4
Fighting       | |  3.7

Action                   |  1- 3 |  4- 6 || total
-------------------------+-------+-------++-------
Melee: Flail             |   118 |   112 ||   230
  Use: Potion            |       |     3 ||     3
  Eat: Chunk             |       |     2 ||     2
Armor: Scale mail        |    16 |       ||    16
       Chain mail        |    64 |    86 ||   150
       Skin              |     5 |       ||     5
Dodge: Dodged            |    34 |    26 ||    60
Block: Shield            |    67 |    64 ||   131
